 Dungeon Crawl Stone Soup version 0.27.1-33-g824d729ab1 (webtiles) character file.

Game seed: 4137415692818016344

72 MisterFreud the Chopper (level 4, 0/39 HPs)
             Began as a Hill Orc Abyssal Knight on Dec 15, 2021.
             Was a Believer of Lugonu.
             Succumbed to an adder's poison
             ... on level 2 of the Dungeon.
             The game lasted 00:03:54 (2112 turns).

MisterFreud the Chopper (Hill Orc Abyssal Knight)   Turns: 2112, Time: 00:03:54

Health: 0/39       AC:  9    Str: 15    XL:     4   Next: 25%
Magic:  5/5        EV:  3    Int: 12    God:    Lugonu [**....]
Gold:   54         SH:  7    Dex: 10    Spells: 3/3 levels left

rFire    . . .     SeeInvis .   a - +1 hand axe
rCold    . . .     Faith    .   c - +0 kite shield of the Pink Corner {rElec}
rNeg     . . .     Spirit   .   j - +1 chain mail
rPois    .         Reflect  .   (no helmet)
rElec    +         Harm     .   (no cloak)
rCorr    .         Rampage  .   (no gloves)
Will     .....                  (no boots)
Stlth    ..........             (no amulet)
HPRegen  0.13/turn              (no ring)
MPRegen  0.09/turn              (no ring)

@: lethally poisoned (0 -> -1), hasted, very quick
A: no striking features
a: Renounce Religion, Depart the Abyss, Bend Space


You were on level 2 of the Dungeon.
You worshipped Lugonu.
Lugonu was pleased with you.
You visited 1 branch of the dungeon, and saw 4 of its levels.
You visited the Abyss 1 time.

You collected 54 gold pieces.

Inventory:

Hand Weapons
 a - a +1 hand axe (weapon)
Missiles
 f - 6 javelins
 k - 2 poisoned darts
Armour
 b - a +0 leather armour
 c - the +0 kite shield of the Pink Corner (worn) {rElec}
   (You acquired it on level 1 of the Dungeon)

   rElec:     It insulates you from electricity.
 j - a +1 chain mail (worn)
Wands
 i - a wand of flame (25)
 n - a wand of polymorph (7)
Scrolls
 e - a scroll of enchant armour
 h - a scroll of immolation
 o - a scroll of identify
Potions
 d - 2 potions of flight
 g - a potion of might


   Skills:
 - Level 3.6 Fighting
 + Level 5.4 Axes
 + Level 2.7 Armour
 - Level 0.7 Dodging
 + Level 0.4 Shields
 - Level 2.4 Invocations


You had 3 spell levels left.
You didn't know any spells.
Your spell library contained the following spells:

 Spells                   Type           Power      Damage    Failure   Level
 Animate Skeleton         Necr           0%         N/A       100%        1
 Pain                     Necr           0%         1d4       100%        1
 Vampiric Draining        Necr           0%         2d6       100%        3


Dungeon Overview and Level Annotations

Branches:
Dungeon (4/15)
 Temple: D:4-7

Altars:
The Shining One


Message History

You hit the endoplasm.
You kill the endoplasm!
Lugonu accepts your kill. The adder bites you but does no damage.
You closely miss the adder. You block the adder's attack. x2
You closely miss the adder. The adder bites you but does no damage.
You block the adder's attack.
You hit the adder.
The adder is moderately wounded.
The adder bites you but does no damage.
You hit the adder but do no damage.
The adder is moderately wounded.
You block the adder's attack. The adder bites you.
* * * LOW HITPOINT WARNING * * *
You are poisoned.
The adder poisons you!
You hit the adder.
The adder is severely wounded.
You feel sick. The adder bites you.
* * * LOW HITPOINT WARNING * * *
You block the adder's attack.
Okay, then.
Unknown command.
Unknown command.
Unknown command.
Unknown command.
Unknown command.
Okay, then.
Unknown command.
Unknown command.
Okay, then.
Unknown command.
You feel yourself speed up.
* * * LOW HITPOINT WARNING * * *
You feel sick. You block the adder's attack.
* * * LOW HITPOINT WARNING * * *
You feel sick.
* * * LOW HITPOINT WARNING * * *
You feel sick.
You die...

#.#..P#.....#.#
##P#.......P≈P..
#...P≈≈≈.P≈≈≈≈..#
#####...≈≈≈≈≈≈≈≈≈≈≈P.
########...#.≈≈≈≈.≈≈≈.≈≈≈≈≈
#..........# #≈≈≈#≈≈≈# ≈#
#..........####.###)## .##
#............#...#...#...#..
#........>......@.S.........
..†.........................
............................
............................
#............#...#...#...#..
######.#...####.###.###.## .
≈...#..## #≈≈≈ ≈≈≈ ≈≈# ≈
≈.....## .≈≈≈.≈≈≈. ≈≈≈
#≈#≈.....###


You could see an adder.

Vanquished Creatures
  A gnoll (D:1)
  An adder (D:2)
  3 dart slugs
  4 endoplasms
  6 goblins
  4 hobgoblins
  4 jackals (D:2)
  2 quokkas
  5 ball pythons
  6 bats
  4 frilled lizards (D:1)
  5 kobolds
  A rat (D:1)
46 creatures vanquished.

Vanquished Creatures (others)
  6 plants (D:2)
6 creatures vanquished.

Grand Total: 52 creatures vanquished

Notes
Turn   | Place    | Note
-------+----------+-------------------------------------------
     0 | Abyss:1  | MisterFreud the Hill Orc Abyssal Knight began the quest for
                  | the Orb.
     0 | Abyss:1  | Reached XP level 1. HP: 19/19 MP: 2/2
    20 | Abyss:1  | Found a corrupted altar of Lugonu.
    22 | Abyss:1  | Found a corrupted altar of Lugonu.
    56 | Abyss:1  | Noticed a neqoxec
    57 | D:1      | Escaped the Abyss
   101 | D:1      | Reached skill level 3 in Axes
   163 | D:1      | Reached * piety under Lugonu
   281 | D:1      | Reached XP level 2. HP: 26/26 MP: 3/3
   435 | D:1      | Found a faded altar of an unknown god.
   476 | D:1      | Reached skill level 4 in Axes
   646 | D:1      | Reached XP level 3. HP: 23/31 MP: 4/4
   980 | D:4      | Noticed an ogre
  1345 | D:3      | Found a glowing golden altar of the Shining One.
  1360 | D:3      | Reached skill level 5 in Axes
  1598 | D:1      | Reached ** piety under Lugonu
  1614 | D:1      | Reached XP level 4. HP: 8/39 MP: 5/5
  1935 | D:1      | Identified a scroll of acquirement
  1935 | D:1      | Acquired the +0 kite shield of the Pink Corner {rElec}
  2111 | D:2      | HP: 1/39 [poisoned by an adder]
  2112 | D:2      | Succumbed to an adder's poison

Illustrated notes

Levels and vault maps discovered:
D:1:      minmay_arrival_wavy_path, layout_loops_ring,
          shapermc_ecumenical_altar_petra, minmay_cupped
D:2:      wad_lake_hut, layout_rooms, serial_curves, eino_curves_04,
          eino_curves_02, minmay_crystal_water
D:3:      layout_rooms, mainiacjoe_overflow_cross_hatched, serial_shops,
          nicolae_shop_statue_plus, minmay_misc_feat_square
D:4:      layout_loops_ring, abandoned_shop, hangedman_decor_riveting

Skill      XL: |  1  2  3 |
---------------+----------+-----
Axes           | 3 4 5 |  5.4
Fighting       | |  3.6
Armour         | |  2.7
Dodging        | |  0.7
Shields        | |  0.4
Invocations    | |  2.4

Action                   |  1- 3 |  4- 6 || total
-------------------------+-------+-------++-------
Melee: Hand axe          |   105 |    24 ||   129
Invok: Depart the Abyss  |     1 |       ||     1
  Use: Scroll            |       |     8 ||     8
       Potion            |       |     1 ||     1
 Stab: Sleeping          |     1 |       ||     1
Armor: Leather armour    |    18 |       ||    18
       Chain mail        |    14 |    24 ||    38
Dodge: Dodged            |    59 |     2 ||    61
Block: Kite shield       |       |    10 ||    10
